Map: Equilibrium LE

Players

SubN

  • Race: Zerg Zerg
  • League: Diamond
  • Spawn Location: 1:00

Zentinela - Winner!

  • Race: Protoss Protoss
  • League: Diamond
  • Spawn Location: 11:00

VOD

Have the link to the VOD?

Description

Time

  • Played on: Nov. 17, 2023, 5:11 p.m.
  • Length: 10:50
Show
View Real Time Build Order
Export as new Build Order

SubN Zerg 

Build Orders: Hatch First, Zergling Baneling 

Get SALT Encoding   

  12  0:00  Drone  
  13  0:12  Overlord  
  13  0:19  Drone  
  14  0:30  Drone x2  
  16  0:49  Hatchery  
  15  0:54  Drone  
  15  0:55  Drone  
  17  0:59  Drone  
  18  1:10  Extractor  
  17  1:16  Spawning Pool  
  17  1:18  Drone  
  17  1:20  Drone  
  18  1:27  Drone  
  19  1:38  Drone  
  20  1:49  Overlord  
  20  2:00  Drone  
  21  2:11  Baneling Nest  
  20  2:22  Zergling x8  
  24  2:23  Queen  
  26  2:34  Zergling x6  
  28  2:48  Zergling x2  
  27  3:07  Spine Crawler, Baneling  
  27  3:08  Baneling x6  
  27  3:09  Baneling  
  27  3:11  Zergling x4  
  28  3:19  Drone  
  29  3:27  Overlord  
  29  3:36  Overlord  
  29  3:45  Queen  
  31  3:56  Drone x3  
  29  4:16  Zergling x6  
  32  4:18  Baneling x2  
  32  4:20  Drone  
  31  4:48  Drone x2  
  31  4:51  Lair  
  33  4:55  Hatchery  
  33  4:59  Metabolic Boost  
  32  5:01  Zergling x8  
  36  5:16  Drone  
  37  5:29  Drone  
  37  5:34  Overlord  
  38  5:40  Zergling x2  
  39  5:53  Hydralisk Den  
  38  5:57  Zergling x4  
  38  5:58  Zergling x2  
  41  6:05  Centrifugal Hooks  
  41  6:12  Drone x2  
  42  6:45  Zergling x2, Hydralisk  
  42  6:46  Hydralisk  
  46  6:53  Drone x9  
  55  6:57  Extractor  
  54  7:09  Extractor  
  54  7:11  Drone x2  
  54  7:12  Drone  
  54  7:14  Overseer  
  56  7:29  Overlord x4  
  56  7:32  Queen  
  56  7:34  Drone  
  59  7:41  Overlord x2  
  59  7:55  Hydralisk x4, Baneling  
  67  7:58  Baneling  
  67  7:59  Baneling  
  67  8:02  Baneling  
  67  8:07  Zergling x2  
  68  8:16  Grooved Spines  
  67  8:23  Drone x2  
  67  8:24  Zergling x2  
  67  8:25  Zergling x12  
  76  8:31  Baneling x2  
  76  8:35  Hatchery  
  75  8:48  Hydralisk  
  75  8:49  Hydralisk x3  
  83  8:56  Hydralisk  
  83  8:58  Zergling x2  
  83  8:59  Zergling x8  
  90  9:21  Overlord x4  
  90  9:36  Hydralisk  
  82  10:13  Zergling x18  
  69  10:29  Zergling x2  
  69  10:30  Zergling x2  
Show
View Real Time Build Order
Export as new Build Order

Zentinela Protoss - Winner!

Build Orders: Cannon Rush 

Get SALT Encoding   

  12  0:01  Probe (Chrono Boost)  
  13  0:10  Probe (Chrono Boost)  
  14  0:18  Pylon  
  14  0:22  Probe  
  15  0:29  Assimilator  
  15  0:36  Probe  
  16  0:43  Assimilator  
  16  0:48  Probe  
  17  0:53  Forge  
  17  1:00  Probe  
  18  1:10  Pylon  
  18  1:29  Photon Cannon  
  18  1:36  Gateway  
  18  1:43  Photon Cannon  
  18  1:50  Pylon  
  18  1:56  Photon Cannon  
  18  2:05  Photon Cannon  
  18  2:09  Pylon  
  18  2:22  Photon Cannon  
  18  2:55  Nexus  
  18  2:59  Cybernetics Core  
  18  3:05  Zealot  
  20  3:17  Probe (Chrono Boost)  
  21  3:22  Protoss Ground Weapons Level 1  
  22  3:27  Probe (Chrono Boost)  
  22  3:31  Pylon  
  22  3:32  Probe (Chrono Boost)  
  23  3:42  Warp Gate (Chrono Boost)  
  23  3:43  Probe  
  24  3:55  Probe  
  25  4:07  Probe  
  28  4:19  Probe  
  29  4:24  Photon Cannon  
  29  4:27  Photon Cannon  
  29  4:29  Gateway  
  29  4:31  Probe  
  30  4:46  Probe  
  30  4:48  Pylon  
  31  4:58  Probe  
  32  5:03  Shield Battery  
  30  5:07  Photon Cannon  
  30  5:10  Gateway, Probe  
  30  5:12  Twilight Council  
  30  5:13  Pylon  
  31  5:27  Probe  
  32  5:34  Nexus  
  32  5:39  Probe  
  32  5:40  Pylon  
  33  5:50  Sentry  
  33  5:51  Probe  
  33  5:56  Pylon  
  36  6:00  Pylon  
  36  6:09  Sentry  
  38  6:15  Gateway  
  38  6:16  Gateway  
  38  6:18  Gateway  
  38  6:19  Photon Cannon  
  34  6:33  Stalker x2  
  34  6:37  Pylon  
  36  6:52  Photon Cannon x2  
  36  6:56  Charge (Chrono Boost), Photon Cannon  
  36  6:59  Gateway x2  
  36  7:01  Shield Battery  
  36  7:02  Gateway  
  36  7:04  Pylon  
  36  7:07  Probe (Chrono Boost)  
  36  7:08  Probe (Chrono Boost)  
  38  7:11  Shield Battery  
  38  7:17  Probe (Chrono Boost)  
  38  7:19  Probe (Chrono Boost)  
  38  7:22  Probe (Chrono Boost), Zealot x2  
  44  7:23  Zealot  
  44  7:25  Zealot  
  44  7:28  Probe  
  50  7:34  Probe  
  51  7:40  Probe  
  52  7:46  Probe  
  53  7:52  Probe  
  53  7:56  Zealot x5  
  53  7:57  Zealot  
  53  7:58  Probe  
  67  8:04  Probe, Assimilator  
  68  8:07  Assimilator  
  68  8:10  Shield Battery  
  68  8:13  Shield Battery  
  68  8:14  Pylon  
  68  8:17  Probe (Chrono Boost)  
  69  8:21  Stalker x2  
  69  8:22  Zealot x3  
  69  8:23  Zealot x2  
  69  8:26  Probe (Chrono Boost)  
  84  8:27  Unknown  
  84  8:36  Probe (Chrono Boost)  
  84  8:37  Probe (Chrono Boost)  
  86  8:44  Probe (Chrono Boost)  
  86  8:45  Probe (Chrono Boost)  
  88  8:49  Probe (Chrono Boost)  
  89  9:01  Probe  
  90  9:08  Robotics Facility, Nexus  
  90  9:10  Pylon  
  89  9:17  Stalker x2  
  89  9:18  Stalker x2  
  89  9:20  Zealot x3  
  89  9:23  Pylon  
  103  9:24  Pylon  
  103  9:51  Zealot x3  
  109  9:54  Nexus  
  109  9:56  Zealot x3  
  113  10:04  Nexus  
  103  10:10  Sentry  
  105  10:19  Zealot x3  
  105  10:20  Zealot x3  
Tags
 
Add a new tag
Caveats
  • Supply blocks, unpowered buildings, or Contaminate may cause inaccurate times.
  • Supply counts are checked every 10 seconds.